 Dungeon Crawl Stone Soup version 0.20.1-1-g8b1a95d (webtiles) character file.

2430 Kingsmith the Fighter (level 9, -2/60 HPs)
             Began as a Gargoyle Fighter on Dec 10, 2017.
             Was a Follower of Okawaru.
             Slain by an orc warrior
             ... wielding a +0 broad axe
              (12 damage)
             ... on level 7 of the Dungeon.
             The game lasted 00:12:46 (6920 turns).

Kingsmith the Fighter (Gargoyle Fighter)            Turns: 6920, Time: 00:12:46

Health: -2/60      AC: 13    Str: 22    XL:     9   Next: 48%
Magic:  9/9        EV:  8    Int:  9    God:    Okawaru [*.....]
Gold:   468        SH: 11    Dex: 13    Spells: 8/8 levels left

rFire    . . .     SeeInvis .   a - +1 flail
rCold    . . .     Gourm    .   c - +0 shield
rNeg     + . .     Faith    .   b - +0 scale mail
rPois    ∞         Spirit   .   (no helmet)
rElec    +         Reflect  .   (no cloak)
rCorr    .         Harm     .   (no gloves)
MR       .....                  (no boots)
Stlth    ..........             r - amulet of rage
Regen    0.2/turn               l - +3 ring of dexterity
MPRegen  0.2/turn               (no ring)

@: about to teleport
A: negative energy resistance 1, electricity resistance, unbreathing,
petrification resistance, rot immunity, AC +5
a: Heroism, Renounce Religion, Evoke Berserk Rage


You were on level 7 of the Dungeon.
You worshipped Okawaru.
Okawaru was aware of your devotion.
You were not hungry.

You visited 1 branch of the dungeon, and saw 7 of its levels.
You also visited: Sewer.

You collected 468 gold pieces.

Inventory:

Hand Weapons
 a - a +1 flail (weapon)
Armour
 b - a +0 scale mail (worn)
 c - a +0 shield (worn)
Jewellery
 l - a +3 ring of dexterity (left hand)
 r - an amulet of rage (around neck)
Scrolls
 e - 7 scrolls of remove curse
 j - 4 scrolls of teleportation
 n - 6 scrolls of identify
 p - 3 scrolls of recharging {unknown}
 x - a scroll of fear
 y - a scroll of holy word {unknown}
 B - a scroll of enchant armour {unknown}
 D - a scroll of noise {unknown}
Potions
 d - 3 potions of might
 h - 2 potions of invisibility {unknown}
 i - 3 potions of brilliance {unknown}
 k - 3 potions of cancellation {unknown}
 o - 2 potions of berserk rage {unknown}
 s - 3 potions of lignification {unknown}
 t - 2 potions of ambrosia {unknown}
 u - 6 potions of flight {unknown}
 v - 4 potions of curing {unknown}
 w - 2 potions of haste {unknown}
 z - a potion of heal wounds {unknown}
 A - a potion of resistance {unknown}
 E - a potion of mutation {unknown}
Books
 F - a book of Conjurations

   Spells                             Type                      Level
   a - Magic Dart                     Conjuration                  1
   b - Searing Ray                    Conjuration                  2
   c - Dazzling Spray                 Conjuration/Hexes            3
   d - Fulminant Prism                Conjuration/Hexes            4
   e - Force Lance                    Conjuration/Translocation    4
   f - Iskenderun's Mystic Blast      Conjuration                  4
Comestibles
 f - 6 bread rations
 g - a meat ration
 m - 5 royal jellies
 q - 3 fruits


   Skills:
 - Level 9.0 Fighting
 + Level 3.6 Maces & Flails
 - Level 8.0 Armour
 - Level 8.0 Shields


You had 8 spell levels left.
You didn't know any spells.

Dungeon Overview and Level Annotations

Branches:
Dungeon (7/15)             Temple (0/1) D:6

Altars:
Ashenzari
Hepliaklqana
Kikubaaqudgha
Makhleb
Nemelex Xobeh
Okawaru
Qazlal
The Shining One


Innate Abilities, Weirdness & Mutations

You are resistant to torment.
Your stone body is resilient. (AC +5)
You are immune to poison.
You resist negative energy. (rN+)
You are resistant to electric shocks. (rElec)
You can survive without breathing.
You are immune to petrification.
You are immune to rotting.


Message History

You see here 2 arrows.
You see here an arrow.
An adder zombie comes into view.
You hit the adder zombie.
The adder zombie is lightly damaged.
The adder zombie bites you but does no damage.
The orc priest calls down the wrath of Beogh upon you.
Beogh smites you!
* * * LOW HITPOINT WARNING * * *
Okay, then.
Okay, then.
You hit the adder zombie.
The adder zombie is moderately damaged.
The adder zombie closely misses you. You block the orc warrior's attack.
You block the adder zombie's attack.
As you read the scroll of teleportation, it crumbles to dust.
You feel strangely unstable.
The adder zombie bites you but does no damage.
The orc warrior hits you with a broad axe!
You die...

(#### #
...##...## o#
........#.# o###
..##...#.# ...#
#..##.# ##.#
##...## ##(###
#.### ...(.# #.#
##.#(# #Z# #..#.#
#@## #.##.#######
#oo#
.....o.....###
##.#
#.##.#.o.....#
#.#
.....#o###.#.#
#o#
#.##.#.....#.#
#.# #
......#..#.####o#
##.#.##..o(.(((.#
#......)..######


You could see an orc warrior, an orc priest, an orc wizard, an orc and an adder
zombie.

Vanquished Creatures
  Joseph (D:7)
  The ghost of tarantulino the Slasher, an amateur HuGl (D:4)
  Sigmund (D:4)
  The ghost of tarantulino the Slasher, an amateur HuGl (D:3)
  An ice beast (D:6)
  5 centaurs
  Blork the orc (D:4)
  A bullfrog (D:6)
  A big kobold (D:6)
  A scorpion (D:7)
  A howler monkey (D:5)
  A bullfrog zombie (D:7)
  3 crimson imps (D:6)
  3 orc wizards
  2 hounds (D:4)
  An orc priest (D:7)
  Natasha (thrice) (D:4)
  5 worker ants
  Robin (D:2)
  A howler monkey skeleton (D:6)
  10 adders
  3 river rats (D:6)
  A shadow imp (D:3)
  8 oozes
  An adder skeleton (D:4)
  An adder zombie (D:6)
  9 worms
  3 dart slugs
  9 leopard geckos
  21 orcs
  4 ball pythons
  3 giant cockroaches
  8 goblins
  12 hobgoblins
  8 jackals
  10 kobolds
  4 quokkas
  11 bats
  7 frilled lizards
  A quokka skeleton (D:5)
  7 rats
176 creatures vanquished.

Notes
Turn   | Place    | Note
-------+----------+-------------------------------------------
     0 | D:1      | Kingsmith the Gargoyle Fighter began the quest for the Orb.
     0 | D:1      | Reached XP level 1. HP: 14/14 MP: 1/1
   321 | D:1      | Reached XP level 2. HP: 19/19 MP: 2/2
   662 | D:2      | Reached XP level 3. HP: 19/23 MP: 3/3
   670 | D:2      | Noticed Robin
   701 | D:2      | Killed Robin
   701 | D:2      | Reached skill level 5 in Shields
   970 | D:2      | Reached XP level 4. HP: 10/28 MP: 4/4
  1525 | D:2      | Found a burning altar of Makhleb.
  1525 | D:2      | Found an ancient bone altar of Kikubaaqudgha.
  1541 | D:2      | Found a hazy altar of Hepliaklqana.
  1543 | D:2      | Found an iron altar of Okawaru.
  1544 | D:2      | Found a sparkling altar of Nemelex Xobeh.
  1589 | D:2      | Reached XP level 5. HP: 32/32 MP: 5/5
  2554 | D:3      | Noticed tarantulino's ghost (amateur HuGl)
  2574 | D:3      | Killed tarantulino's ghost
  2574 | D:3      | Reached XP level 6. HP: 20/37 MP: 6/6
  3346 | D:4      | Noticed Blork the orc
  3355 | D:4      | Killed Blork the orc
  3355 | D:4      | Reached XP level 7. HP: 32/41 MP: 7/7
  3412 | D:4      | Found a stormy altar of Qazlal.
  3458 | D:4      | Noticed Sigmund
  3458 | D:4      | Noticed tarantulino's ghost (amateur HuGl)
  3488 | D:5      | Entered Level 5 of the Dungeon
  3769 | D:5      | Reached skill level 5 in Armour
  3843 | D:5      | Found a burning altar of Makhleb.
  4120 | D:4      | Killed tarantulino's ghost
  4120 | D:4      | Reached XP level 8. HP: 46/46 MP: 8/8
  4140 | D:4      | Killed Sigmund
  4227 | D:2      | Became a worshipper of Warmaster Okawaru
  4316 | D:4      | Noticed Natasha
  4323 | D:4      | Killed Natasha
  4460 | D:4      | Noticed Natasha
  4478 | D:4      | Killed Natasha
  4832 | D:4      | Noticed Natasha
  4836 | D:4      | Killed Natasha
  4836 | D:4      | Reached skill level 4 in Fighting
  4992 | D:6      | Found a glowing drain.
  4997 | Sewer    | Entered a sewer
  5625 | D:6      | Reached skill level 5 in Fighting
  5778 | D:6      | Reached skill level 6 in Fighting
  5860 | D:6      | Reached skill level 7 in Fighting
  5920 | D:6      | Found a shattered altar of Ashenzari.
  5920 | D:6      | Found a glowing golden altar of the Shining One.
  5926 | D:6      | Reached XP level 9. HP: 52/57 MP: 9/9
  6152 | D:6      | Found a staircase to the Ecumenical Temple.
  6299 | D:7      | Noticed Joseph
  6327 | D:7      | Killed Joseph
  6327 | D:7      | Reached * piety under Okawaru
  6327 | D:7      | Reached skill level 8 in Fighting
  6550 | D:7      | Reached skill level 9 in Fighting
  6920 | D:7      | Slain by an orc warrior

Skill      XL: |  1  2  3  4  5  6  7  8  9 |
---------------+----------------------------+-----
Shields        | 4 5 6 7 8 |  8.0
Armour         | 4 7 8 |  8.0
Fighting       | 7 9 |  9.0
Maces & Flails | 3 |  3.6

Action                   |  1- 3 |  4- 6 |  7- 9 || total
-------------------------+-------+-------+-------++-------
Melee: Flail             |    91 |   315 |   481 ||   887
 Abil: Evoke Berserk Rag |       |     1 |     2 ||     3
  Use: Scroll            |       |     5 |     4 ||     9
  Eat: Chunk             |       |     9 |    15 ||    24
Armor: Scale mail        |    77 |   196 |   351 ||   624
Dodge: Dodged            |    74 |   166 |   246 ||   486
Block: Shield            |       |    32 |   414 ||   446
